 Dungeon Crawl Stone Soup version 0.30-a0-1008-g30c9307041 (webtiles) character file.

Game seed: 10200607057131716779

20 Zeldest the Sneak (level 2, -2/15 HPs)
             Began as a Vampire Enchanter on Apr 5, 2023.
             Slain by a black bear (6 damage)
             ... on level 2 of the Dungeon.
             The game lasted 00:02:24 (790 turns).

Zeldest the Sneak (Vampire Enchanter)                Turns: 790, Time: 00:02:24

Health: -2/15      AC:  2    Str:  7    XL:     2   Next: 58%
Magic:  5/5        EV: 12    Int: 17    God:
Gold:   0          SH:  0    Dex: 14    Spells: 3/5 levels left

rFire   . . .      SeeInvis +    a - +1 dagger
rCold   + + .      Faith    .    (no shield)
rNeg    + + +      Spirit   .    b - +0 robe
rPois   ∞          Reflect  .    (no helmet)
rElec   .          Rampage  .    (no cloak)
rCorr   .                        (no gloves)
Will    .....                    (no boots)
Stlth   +++++                    (no amulet)
HPRegen 0.00/turn                (no ring)
MPRegen 0.09/turn                (no ring)

@: bloodless, inhibited regen, invisible
A: bloodless, fangs 3, see invisible, vampiric 1
a: Revivify


You were on level 2 of the Dungeon.
You visited 1 branch of the dungeon, and saw 2 of its levels.

Inventory:

Hand Weapons
 a - a +1 dagger (weapon)
Armour
 b - a +0 robe (worn)
Scrolls
 d - a scroll of vulnerability {unknown}
 f - 2 scrolls of identify {unknown}
 h - a scroll of brand weapon {unknown}
Potions
 c - a potion of invisibility
 e - a potion of ambrosia {unknown}
 g - a potion of resistance {unknown}


   Skills:
 + Level 1.6 Short Blades
 - Level 2.1 Dodging
 * Level 5.0 Stealth
 - Level 2.0 Spellcasting
 * Level 5.0 Hexes
 + Level 0.2 Ice Magic


You had 3 spell levels left.
You knew the following spells:

 Your Spells              Type           Power      Damage    Failure   Level
a - Ensorcelled Hibernat  Hex/Ice        20%        N/A       10%         2

Your spell library contained the following spells:

 Spells                   Type           Power      Damage    Failure   Level
 Confusing Touch          Hex            18%        N/A       8%          3
 Tukima's Dance           Hex            18%        N/A       8%          3
 Dazzling Flash           Conj/Hex       20%        N/A       21%         3
 Spider Form              Tmut/Pois      1%         N/A       50%         3
 Anguish                  Hex/Necr       5%         N/A       56%         4


Dungeon Overview and Level Annotations

Branches:
Dungeon (2/15) Zot: 11212

Altars:


Innate Abilities, Weirdness & Mutations

You do not regenerate when monsters are visible.
You are frail without blood (-20% HP).
You can heal yourself when you bite living creatures.
You are immune to poison.
You have razor-sharp teeth.
You have supernaturally acute eyesight. (SInv)
You are afflicted with vampirism.


Message History

The helpless frilled lizard fails to defend itself.
You bite the frilled lizard, and draw its blood!
You impale the frilled lizard!!
You kill the frilled lizard!
You see here a scroll labelled ICOAKK YHATOB.
The helpless black bear fails to defend itself.
You bite the black bear, and draw its blood!
You impale the black bear!! You bite the black bear.
The black bear is almost dead.
The black bear goes berserk!
Casting: Ensorcelled Hibernation (safe; 10% risk of failure)
Confirm with . or Enter, or press ? or * to list all spells.
You can't see any susceptible monsters within range! (Use Z to cast anyway.)
You aren't carrying any items that you can evoke.
Unknown command.
Okay, then.
You fade into invisibility!
The black bear bites you but does no damage.
The black bear claws you but does no damage.
The black bear barely misses you. x2; The black bear closely misses you.
The black bear completely misses you.
You barely miss the black bear.
The black bear is almost dead.
The black bear barely misses you. The black bear closely misses you.
The black bear claws you.
You hit the black bear but do no damage.
You bite the black bear.
You draw the black bear's blood!
You feel better.
The black bear is almost dead.
The black bear bites you. The black bear barely misses you.
The black bear claws you. The black bear bites you.
The black bear claws you but does no damage.
The black bear claws you.
* * * LOW HITPOINT WARNING * * *
You hit the black bear.
The black bear is almost dead.
You see here a scroll labelled ICOAKK YHATOB.
h - a scroll labelled ICOAKK YHATOB The black bear growls angrily.
The black bear misses you. The black bear claws you.
You die...

#............###
#........#..$...
#............#
##.....##....#
##...## ....#
##.## .......
#.# ......#
#######.#
.......
#....h@.#
#...##.
#.....##### ...#
#.........#
#.....###.#
#...<.# #######


You could see a black bear (wandering, berserk, unable to see you).

Vanquished Creatures
  2 ball pythons (D:1)
  2 endoplasms (D:1)
  A goblin (D:1)
  A hobgoblin (D:1)
  2 jackals (D:1)
  4 bats (D:1)
  3 frilled lizards
  2 kobolds (D:1)
  3 rats
20 creatures vanquished.

Notes
Turn   | Place    | Note
-------+----------+-------------------------------------------
     0 | D:1      | Zeldest the Vampire Enchanter began the quest for the Orb.
     0 | D:1      | Reached XP level 1. HP: 13/13 MP: 3/3
   332 | D:1      | Reached XP level 2. HP: 15/15 MP: 5/5
   373 | D:1      | Learned a level 2 spell: Ensorcelled Hibernation
   421 | D:1      | Reached skill level 5 in Stealth
   458 | D:1      | Reached skill level 5 in Hexes
   769 | D:2      | Noticed a black bear
   790 | D:2      | Slain by a black bear

Illustrated notes

Levels and vault maps discovered:
D:1:      lightli_arrival_maybe_door_vault, layout_basic,
          minmay_stone_trees_medium
D:2:      layout_loops_ring, serial_shops, nicolae_shop_advertising_works
          [nicolae_subvault_shop_adworks]

Skill      XL: |  1  2 |
---------------+-------+-----
Stealth        | 5 |  5.0
Hexes          | 5 |  5.0
Short Blades   | |  1.6
Dodging        | |  2.1
Spellcasting   | |  2.0
Ice Magic      | |  0.2

Action                     || total
---------------------------++-------
  Melee: Dagger            ||    50
         Bite              ||     6
Ability: Exsanguinate      ||     1
    Use: Potion            ||     1
   Stab: Sleeping          ||    13
 Armour: Robe              ||    11
  Dodge: Dodged            ||    39

Table legend: (Time is in decaauts)
 A = Elapsed time spent in this place.
 B = Non-inter-level travel time spent in this place.
 C = Inter-level travel time spent in this place.
 D = Time resting spent in this place.
 E = Time spent auto-exploring this place.
 F = Levels seen in this place.
 G = Mean time per level.
                   A        B        C        D        E       F      G
               +--------+--------+--------+--------+--------+-----+--------+
         Total |    786 |    749 |     37 |     25 |    549 |   2 |  393.0 |
       Dungeon |    786 |    749 |     37 |     25 |    549 |   2 |  393.0 |
               +--------+--------+--------+--------+--------+-----+--------+

Top non-repeatable levels by time:
     D:1: 757 daAuts
     D:2: 28 daAuts
